 Dungeon Crawl Stone Soup version 0.27.0-1-g7a089689b8 (webtiles) character file.

Game seed: 931813978795205872

103 voltaire321 the Chopper (level 4, -1/34 HPs)
             Began as a Demonspawn Gladiator on Aug 5, 2021.
             Slain by an orc (2 damage)
             ... on level 3 of the Dungeon.
             The game lasted 00:05:35 (2296 turns).

voltaire321 the Chopper (Demonspawn Gladiator)      Turns: 2296, Time: 00:05:35

Health: -1/34      AC:  4    Str: 16    XL:     4   Next: 51%
Magic:  4/4        EV: 14    Int:  9    God:
Gold:   192        SH:  0    Dex: 14    Spells: 3/3 levels left

rFire    . . .     SeeInvis .   g - +2 hand axe (drain)
rCold    . . .     Faith    .   (no shield)
rNeg     . . .     Spirit   .   b - +0 leather armour
rPois    .         Reflect  .   c - +0 helmet
rElec    .         Harm     .   (no cloak)
rCorr    .         Rampage  .   (no gloves)
Will     .....                  (no boots)
Stlth    +.........             (no amulet)
HPRegen  0.11/turn              (no ring)
MPRegen  0.09/turn              (no ring)

@: no status effects
A: hooves 1, repulsion field 1, powered by death 1
a: no special abilities


You were on level 3 of the Dungeon.
You visited 1 branch of the dungeon, and saw 3 of its levels.

You collected 192 gold pieces.

Inventory:

Hand Weapons
 a - a +0 war axe
 g - a +2 hand axe of draining (weapon)
Missiles
 d - 5 throwing nets (quivered)
 n - 2 javelins
Armour
 b - a +0 leather armour (worn)
 c - a +0 helmet (worn)
Jewellery
 j - a ring of wizardry
 q - a +6 ring of dexterity
Scrolls
 e - a scroll of identify {unknown}
 h - a scroll of amnesia {unknown}
 k - a scroll of noise {unknown}
 l - a scroll of silence {unknown}
 o - 3 scrolls of teleportation {unknown}
Potions
 f - a potion of resistance {unknown}
 i - a potion of curing {unknown}
 m - a potion of heal wounds
 p - a potion of lignification {unknown}
 r - a potion of invisibility {unknown}


   Skills:
 + Level 2.7 Fighting
 + Level 3.2 Axes
 + Level 2.5 Throwing
 + Level 1.4 Armour
 + Level 3.2 Dodging


You had 3 spell levels left.
You didn't know any spells.
Your spell library contained the following spells:

 Spells                   Type           Power      Damage    Failure   Level
 Shock                    Conj/Air       0%         1d3       45%         1
 Corpse Rot               Necr/Air       N/A        N/A       58%         2
 Dazzling Flash           Conj/Hex       0%         N/A       83%         3
 Swiftness                Air            0%         N/A       83%         3
 Airstrike                Air            0%         N/A       99%         4
 Dispel Undead            Necr           0%         3d6       99%         4
 Agony                    Necr           0%         N/A       100%        5
 Silence                  Hex/Air        0%         N/A       100%        5
 Death Channel            Necr           0%         N/A       100%        6


Dungeon Overview and Level Annotations

Branches:
Dungeon (3/15)

Altars:
Ru
Beogh

Shops:
D:3 *:


Innate Abilities, Weirdness & Mutations

You have large cloven feet.
You are surrounded by a mild repulsion field. (EV +2)
You regenerate a little health from kills.


Message History

You closely miss the orc. The orc barely misses you.
You slash the orc!
You kill the orc!
The orc throws a boomerang.
The boomerang barely misses you.
You barely miss the orc. The orc closely misses you.
You closely miss the orc. The orc hits you with a +0 whip.
You hit the orc. You drain the orc. Your kick misses the orc.
The orc is severely wounded.
The orc barely misses you. The orc hits you with a +0 whip.
You completely miss the orc.
The orc is severely wounded.
The orc misses you.
You hit the orc.
You kill the orc!
The orc throws a boomerang.
The boomerang hits you.
You hit the orc.
The orc is lightly wounded.
The orc barely misses you.
You slash the orc!
You kill the orc!
The orc throws a boomerang.
The boomerang hits you.
You hit the orc. You kick the orc, but do no damage.
The orc is lightly wounded.
The orc closely misses you.
You hit the orc. You drain the orc. You kick the orc, but do no damage.
The orc is severely wounded.
The orc misses you.
You closely miss the orc.
The orc is severely wounded.
The orc completely misses you.
You barely miss the orc. Your kick misses the orc.
The orc is severely wounded.
The orc hits you with the +7 hand axe of Nioteaz {freeze, Int+4}!
* * * LOW HITPOINT WARNING * * *
The orc freezes you.
* * * LOW HITPOINT WARNING * * *
The orc hits you with the +7 hand axe of Nioteaz {freeze, Int+4}.
* * * LOW HITPOINT WARNING * * *
The orc freezes you.
You die...

#.#.....#..#..#8..#..####..
#..........#..##..#........
##.#.#.###.#.#..o.#..####..
#.#.#.###.'.#...[#........
#.#...##.)'.#.8._##.#.###.
#.##.###..'.#...[ #.#)# #.
#.##....oo#.#....##.#.###.
#.#######o#..##..#........
#..# #@#..#8..##.......
##.# #.#..##.. ###.#### #.#
#.#.....8 #.#
#.######8####### #.#
#.#..........# #.#
#(#.######.#.#######.#
#.#...............##.#
#.#.#############.##.#
#.#.# #.##.#


You could see 3 orcs.

Vanquished Creatures
  The ghost of ratboy the Covert, a weakling GnDe (D:3)
  An adder (D:2)
  A worm (D:2)
  2 dart slugs (D:3)
  4 orcs
  4 endoplasms
  2 giant cockroaches
  9 goblins
  5 hobgoblins
  8 jackals
  A quokka (D:1)
  8 ball pythons
  3 bats
  A frilled lizard (D:3)
  5 kobolds
  4 rats
  A spectral hobgoblin (D:1)
60 creatures vanquished.

Notes
Turn   | Place    | Note
-------+----------+-------------------------------------------
     0 | D:1      | voltaire321 the Demonspawn Gladiator began the quest for
                  | the Orb.
     0 | D:1      | Reached XP level 1. HP: 16/16 MP: 1/1
   307 | D:1      | Gained mutation: You regenerate a little health from kills.
                  | [demonic ancestry]
   307 | D:1      | Reached XP level 2. HP: 17/22 MP: 2/2
   695 | D:1      | Found a faded altar of an unknown god.
  1076 | D:2      | Gained mutation: You have large cloven feet. [demonic
                  | ancestry]
  1076 | D:2      | Reached XP level 3. HP: 26/28 MP: 3/3
  1138 | D:2      | Reached skill level 1 in Armour
  1507 | D:3      | Found a runed translucent gate.
  1509 | D:3      | Found a runed translucent gate.
  1510 | D:3      | Found a runed translucent gate.
  1510 | D:3      | Noticed ratboy's ghost (weakling GnDe)
  1511 | D:3      | Identified the +7 hand axe of Nioteaz {freeze, Int+4}
  1511 | D:3      | Identified the +3 leather armour "Dial" {Int+5}
  1633 | D:3      | Found Lubugeca's Book Shoppe.
  1690 | D:3      | Gained mutation: You are surrounded by a mild repulsion
                  | field. (EV +2) [demonic ancestry]
  1690 | D:3      | Reached XP level 4. HP: 26/34 MP: 4/4
  1795 | D:3      | Found a sacrificial altar of Ru.
  2021 | D:3      | Found Song's General Store.
  2279 | D:3      | Killed ratboy's ghost
  2296 | D:3      | HP: 1/34 [orc (5)]
  2296 | D:3      | Slain by an orc

Illustrated notes

Levels and vault maps discovered:
D:1:      lightli_molten_gateway, layout_loops_cross,
          dreamdust_ecumenical_altar_drowned_temple, hex_medium,
          chequers_serial_rivers_micro_d
D:2:      layout_rooms, minmay_misc_feat_more_columns
D:3:      layout_loops_ring, mainiacjoe_overflow_cross_hatched,
          biasface_ghost_orc_armoury, serial_shops, nicolae_shop_statue_plus,
          nicolae_shop_trees, nrook_mini_vaults, minmay_cut_off

Skill      XL: |  1  2  3 |
---------------+----------+-----
Throwing       | 2 |  2.5
Axes           | 3 |  3.2
Armour         | 1 |  1.4
Dodging        | 3 |  3.2
Fighting       | |  2.7

Action                   |  1- 3 |  4- 6 || total
-------------------------+-------+-------++-------
Melee: War axe           |    77 |       ||    77
       Hand axe          |    33 |    46 ||    79
       Kick              |     4 |    10 ||    14
  Use: Potion            |       |     1 ||     1
 Stab: Sleeping          |     1 |     1 ||     2
Armor: Leather armour    |    39 |     6 ||    45
Dodge: Dodged            |   102 |    42 ||   144
